[Event "Titled Tuesday Blitz August 15 Early 2023"]
[White "Rozhkov, Viacheslav"]
[Black "Deng, Henry"]
[WhiteFideId "4181484"]
[BlackFideId "30965454"]
[WhiteElo "2406"]
[BlackElo "2561"]
[Result "0-1"]
[Round "7"]
[TimeControl "180+1"]
[Date "2023.08.15"]
[WhiteClock "0:00:06"]
[BlackClock "0:00:19"]
[Board "128"]

1. e4 c5 2. Nf3 e6 3. d4 cxd4 4. Nxd4 Nf6 5. Bd3 Nc6 6. Nxc6 bxc6 7. O-O d5 8. Nd2 Be7 9. Qe2 O-O 10. c4 Re8 11. b3 Nd7 12. f4 e5 13. exd5 exf4 14. Qd1 Nc5 15. Nf3 cxd5 16. cxd5 Bf6 17. Rb1 Nxd3 18. Qxd3 Qb6+ 19. Rf2 Ba6 20. Qd1 Re2 21. Qf1 Rxa2 22. Qe1 Re2 23. Qf1 Rae8 24. Bxf4 Ra2 25. Re1 Rxe1 26. Qxe1 Ra1 27. Qxa1 Bxa1 28. g3 f6 29. Kg2 Bd4 30. Rd2 Bc3 31. Ra2 Bb7 32. d6 Qxb3 33. Re2 Qd5 34. Re3 Bd4 35. Rd3 g5 36. Bc1 g4 37. d7 gxf3+ 38. Kf1 Qxd7 39. Bb2 Ba6 40. Bxd4 Bxd3+ 41. Kf2 Qxd4+ 42. Kxf3 Qe4+ 43. Kf2 Qe2+ 44. Kg1 Be4 0-1


[Site "https://www.chess.com"]

[Event "Titled Tuesday Blitz August 15 Early 2023"]
[White "Santos Flores, Alberto"]
[Black "Vafin, Ayrat"]
[WhiteFideId "3601234"]
[BlackFideId "4146530"]
[WhiteElo "2532"]
[BlackElo "2397"]
[Result "0-1"]
[Round "7"]
[TimeControl "180+1"]
[Date "2023.08.15"]
[WhiteClock "0:00:01"]
[BlackClock "0:00:04"]
[Board "129"]

1. e4 e5 2. Nf3 Nf6 3. Nxe5 d6 4. Nf3 Nxe4 5. d4 d5 6. Bd3 Nc6 7. O-O Be7 8. Re1 Bf5 9. c4 Nb4 10. Bf1 O-O 11. a3 Nc6 12. Nc3 Nxc3 13. bxc3 Bf6 14. Bf4 Na5 15. cxd5 Qxd5 16. Bxc7 Rac8 17. Be5 Rxc3 18. Bxf6 gxf6 19. Qd2 Rxf3 20. gxf3 Nb3 21. Qa2 Be6 22. Rab1 Qg5+ 23. Kh1 Nxd4 24. Qb2 Nxf3 25. Bg2 Nxe1 26. Rxe1 Kh8 27. Qxb7 a5 28. Qf3 Rg8 29. Rg1 Qe5 30. h3 Rg5 31. Qa8+ Kg7 32. Bf3 Rxg1+ 33. Kxg1 Bxh3 34. Bg2 Be6 35. Qf3 Qg5 36. Kh2 Qe5+ 37. Kg1 h6 38. Qd3 Qg5 39. Kh2 f5 40. Qc3+ Qf6 41. Qc5 Qh4+ 42. Kg1 a4 43. Qe5+ Qf6 44. Qxf6+ Kxf6 45. Bc6 Bb3 46. f4 h5 47. Kf2 Ke6 48. Kg3 Kd6 49. Be8 Kc5 50. Kh4 Kd4 51. Kxh5 Ke4 52. Kg5 f6+ 53. Kxf6 Kxf4 54. Ke7 Ke3 55. Kd6 f4 56. Kc5 f3 57. Bb5 Kd2 58. Kb4 f2 59. Bf1 Kc2 60. Bh3 Kd2 61. Bf1 Kd1 62. Kc3 Ke1 63. Bh3 Be6 64. Bg2 Bd5 65. Bh3 Ke2 66. Kb4 Be4 67. Kxa4 Bd3 68. Kb4 Kf3 69. a4 Kg3 70. Bf1 Bxf1 71. Kc5 Be2 0-1


[Site "https://www.chess.com"]

[Event "Titled Tuesday Blitz August 15 Early 2023"]
[White "Okike, David"]
[Black "Hristodoulou, Panagiotis"]
[WhiteFideId "8500134"]
[BlackFideId "4214340"]
[WhiteElo "2352"]
[BlackElo "2504"]
[Result "0-1"]
[Round "7"]
[TimeControl "180+1"]
[Date "2023.08.15"]
[WhiteClock "0:00:10"]
[BlackClock "0:00:17"]
[Board "130"]

1. e4 e5 2. Nf3 Nc6 3. Bc4 Nf6 4. d3 Bc5 5. c3 d6 6. Bg5 h6 7. Bh4 O-O 8. O-O a6 9. a4 Ba7 10. a5 Be6 11. Nbd2 Re8 12. Re1 g5 13. Bg3 Qd7 14. Qb3 Kg7 15. Bxe6 fxe6 16. Nc4 Rf8 17. Qd1 Nh5 18. b4 Nxg3 19. hxg3 g4 20. Nh2 Bxf2+ 21. Kh1 Bxe1 22. Qxg4+ Kh7 23. Rxe1 Rg8 24. Qh3 Raf8 25. Ng4 Qg7 26. Nce3 Qg5 27. Kh2 d5 28. exd5 exd5 29. d4 e4 30. Kg1 Ne7 31. Re2 c6 32. Ne5 Nf5 33. Nxf5 Qxf5 34. Qxf5+ Rxf5 35. g4 Rf6 36. Kh2 Rf1 37. Rc2 Rgf8 38. Kg3 Rd1 39. Kh4 Rff1 40. Nd7 Rd3 41. g5 Kg6 42. gxh6 Kxh6 43. Kg4 e3 44. Re2 Rf2 45. Re1 Rxg2+ 46. Kf3 Rf2+ 47. Kg3 Rxc3 48. Nc5 Rf5 49. Nxb7 e2+ 50. Kg2 Rc2 51. Nc5 Kg5 52. Ne6+ Kg4 53. Nc5 Kf4 54. b5 cxb5 55. Rb1 e1=Q+ 0-1


[Site "https://www.chess.com"]

[Event "Titled Tuesday Blitz August 15 Early 2023"]
[White "Avazkhonov, Alikhon"]
[Black "Yashmetov, Mikhail"]
[WhiteFideId "14208504"]
[BlackFideId "24198900"]
[WhiteElo "2390"]
[BlackElo "2484"]
[Result "1-0"]
[Round "7"]
[TimeControl "180+1"]
[Date "2023.08.15"]
[WhiteClock "0:00:41"]
[BlackClock "0:00:00"]
[Board "131"]

1. d4 Nf6 2. c4 e6 3. Nc3 d5 4. cxd5 exd5 5. Bg5 c6 6. e3 Bd6 7. Bd3 O-O 8. Qc2 h6 9. Bh4 Re8 10. Nf3 Bg4 11. O-O-O Na6 12. a3 b5 13. h3 Bd7 14. g4 Qa5 15. g5 hxg5 16. Bxg5 b4 17. Bxf6 gxf6 18. Rdg1+ Kf8 19. Qa4 Qxa4 20. Nxa4 Nc7 21. Nc5 Bxc5 22. dxc5 bxa3 23. bxa3 Ne6 24. Bf5 Nxc5 25. Bxd7 Nxd7 26. Nd4 Re5 27. Kd2 c5 28. Nf3 Rh5 29. Rb1 Ke7 30. Rb7 Kd6 31. Ke2 Kc6 32. Rhb1 Rxh3 33. a4 Rhh8 34. a5 Rab8 35. a6 Rxb7 36. Rxb7 Ra8 37. Nd2 c4 38. Nf3 Nc5 39. Nd4+ Kd6 40. Nb5+ Ke5 41. Re7+ Kf5 42. Nc7 Rc8 43. Nxd5 Nxa6 44. e4+ Kg6 45. Rxa7 1-0


[Site "https://www.chess.com"]

[Event "Titled Tuesday Blitz August 15 Early 2023"]
[White "Gatterer, Florian"]
[Black "Delorme, Axel"]
[WhiteFideId "811688"]
[BlackFideId "632023"]
[WhiteElo "2348"]
[BlackElo "2477"]
[Result "0-1"]
[Round "7"]
[TimeControl "180+1"]
[Date "2023.08.15"]
[WhiteClock "0:00:32"]
[BlackClock "0:00:17"]
[Board "132"]

1. e4 c5 2. Nf3 d6 3. Bb5+ Nd7 4. O-O a6 5. Bd3 Ngf6 6. c3 b5 7. Bc2 c4 8. Re1 e6 9. a4 Bb7 10. axb5 axb5 11. Rxa8 Qxa8 12. d4 Bxe4 13. Bxe4 Nxe4 14. Na3 d5 15. Nxb5 Qb7 16. Qa4 Be7 17. Ne5 O-O 18. Nxd7 Qxd7 19. Qa7 Qxa7 20. Nxa7 Ra8 21. Nc6 Bd6 22. f3 Nf6 23. Bg5 Ra2 24. Re2 Nd7 25. Be7 Bxe7 26. Nxe7+ Kf8 27. Nc6 Nb6 28. Nb4 Ra1+ 29. Kf2 Na4 30. f4 Rb1 31. f5 Rxb2 32. fxe6 Rxe2+ 33. Kxe2 Nxc3+ 34. Kd2 Ne4+ 35. Ke3 fxe6 36. Nc6 Kf7 37. Ne5+ Kf6 38. Nxc4 dxc4 39. Kxe4 h5 40. h4 g6 41. g3 c3 42. Kd3 Kf5 43. Kxc3 Kg4 44. d5 exd5 45. Kd4 Kxg3 46. Kxd5 Kxh4 47. Ke6 g5 48. Kf6 g4 49. Kg7 g3 50. Kh7 g2 51. Kh6 g1=Q 52. Kh7 Qg5 53. Kh8 Kg4 0-1


[Site "https://www.chess.com"]

[Event "Titled Tuesday Blitz August 15 Early 2023"]
[White "Gurevich, Dmitry"]
[Black "ExchangeAB"]
[WhiteFideId "2000407"]
[WhiteElo "2474"]
[BlackElo "2414"]
[Result "0-1"]
[Round "7"]
[TimeControl "180+1"]
[Date "2023.08.15"]
[WhiteClock "0:00:00"]
[BlackClock "0:00:10"]
[Board "133"]

1. d4 Nf6 2. c4 c6 3. Bf4 d5 4. e3 Qb6 5. Qb3 e6 6. c5 Qxb3 7. axb3 Na6 8. Bxa6 bxa6 9. Nf3 Nh5 10. Bc7 Be7 11. h3 Nf6 12. Nc3 Nd7 13. Kd2 f6 14. Ra3 Kf7 15. b4 g5 16. e4 h6 17. Re1 Bd8 18. Bd6 Re8 19. e5 f5 20. g4 f4 21. Rh1 Kg7 22. h4 Nf8 23. hxg5 hxg5 24. Rh5 Nh7 25. Ra1 Rh8 26. Rah1 Bd7 27. Ne2 a5 28. bxa5 Bxa5+ 29. Kc2 Be8 30. Rxh7+ Rxh7 31. Rxh7+ Kxh7 32. Nxg5+ Kh6 33. Nxe6 Bg6+ 34. Kc1 f3 35. Ng3 Be1 36. Nh1 Be4 37. Kd1 Bb4 38. Ng3 a5 39. Nc7 Rg8 40. e6 Rxg4 41. Nxe4 Rxe4 42. Be5 Bxc5 43. Kc2 Bb4 44. Kd3 Kg6 45. Na6 Be7 46. Nb8 Kf5 47. Nxc6 Kxe6 48. Nxa5 Re2 49. Bg3 Bd6 50. Bh4 Rxb2 51. Nc6 Re2 52. Na5 Be7 53. Bg3 Bb4 54. Nc6 Be1 55. Ne5 Bxf2 56. Bxf2 Rxf2 57. Ke3 Ra2 58. Kxf3 Kf5 59. Ke3 Ra3+ 60. Kd2 Ke4 61. Nc6 Rh3 62. Kc2 Rh6 0-1


[Site "https://www.chess.com"]

[Event "Titled Tuesday Blitz August 15 Early 2023"]
[White "Liu, Casper"]
[Black "Kaminski, Victor"]
[WhiteFideId "1454153"]
[BlackFideId "1131630"]
[WhiteElo "2459"]
[BlackElo "2296"]
[Result "1-0"]
[Round "7"]
[TimeControl "180+1"]
[Date "2023.08.15"]
[WhiteClock "0:01:52"]
[BlackClock "0:00:00"]
[Board "134"]

1. e4 e5 2. d4 exd4 3. Qxd4 Nc6 4. Qe3 Nf6 5. Nc3 b6 6. Bd2 Bc5 7. Qg3 O-O 8. O-O-O d5 9. exd5 Nb4 10. Bc4 b5 11. Bxb5 Nbxd5 12. Nxd5 Nxd5 13. Bc6 Rb8 14. Bc3 Nxc3 15. Rxd8 Nxa2+ 16. Kb1 Rxd8 17. Kxa2 Be6+ 18. b3 Rd2 19. Be4 Bxb3+ 20. Qxb3 Rxb3 21. Kxb3 Rxf2 22. Kc3 Rf1 23. h4 Rxg1 24. Rh3 Rf1 25. Rd3 Bd6 26. Kc4 Rf6 27. Kb5 Re6 28. Bd5 Re5 29. Ka6 Re1 30. Kxa7 Rc1 31. Bb3 1-0


[Site "https://www.chess.com"]

[Event "Titled Tuesday Blitz August 15 Early 2023"]
[White "Dong Khanh Linh"]
[Black "crazy_m_attack"]
[WhiteFideId "12403040"]
[WhiteElo "2452"]
[BlackElo "2294"]
[Result "1-0"]
[Round "7"]
[TimeControl "180+1"]
[Date "2023.08.15"]
[WhiteClock "0:00:05"]
[BlackClock "0:00:00"]
[Board "135"]

1. d4 Nf6 2. Nf3 d5 3. e3 c5 4. Nbd2 Nc6 5. c3 cxd4 6. exd4 Bf5 7. Ne5 Qb6 8. f4 e6 9. Be2 h5 10. O-O Bd6 11. Kh1 Rc8 12. Bf3 Qc7 13. Re1 b5 14. a3 a5 15. Nf1 Kf8 16. Ng3 Ne7 17. Nxh5 Nxh5 18. Bxh5 g6 19. Bf3 Kg7 20. g4 Be4 21. Bxe4 dxe4 22. Rxe4 Qb7 23. Qf3 Rh3 24. Qxh3 Qxe4+ 25. Kg1 Rh8 26. Qg2 Qe1+ 27. Qf1 Qxf1+ 28. Kxf1 Rxh2 29. Nf3 Rh1+ 30. Kg2 Rd1 31. Ne5 Nd5 32. Kf3 f6 33. Ke2 Rh1 34. Nd3 Bxf4 35. Nxf4 Nxf4+ 36. Kd2 Rg1 37. a4 b4 38. cxb4 axb4 39. a5 Rh1 40. a6 Rh8 41. a7 Ra8 42. Kc2 Nd5 43. Kb3 f5 44. gxf5 gxf5 45. Bd2 f4 46. Bxb4 f3 47. Bc5 Kg6 48. Rf1 Nc7 49. Rxf3 Na6 50. Re3 Nxc5+ 51. dxc5 Kf5 52. Kc4 Rxa7 53. b4 Rb7 54. c6 Rb8 55. Kc5 e5 56. b5 Ke6 57. b6 Rg8 58. c7 Kd7 59. Rxe5 1-0


[Site "https://www.chess.com"]

[Event "Titled Tuesday Blitz August 15 Early 2023"]
[White "slidingknight2775"]
[Black "Vila Dupla, Aurelio"]
[BlackFideId "2203383"]
[WhiteElo "2452"]
[BlackElo "2123"]
[Result "1-0"]
[Round "7"]
[TimeControl "180+1"]
[Date "2023.08.15"]
[WhiteClock "0:01:28"]
[BlackClock "0:00:19"]
[Board "136"]

1. Nf3 Nf6 2. g3 g6 3. Bg2 Bg7 4. O-O O-O 5. c4 c6 6. d4 d5 7. Nbd2 Ne4 8. b3 Nxd2 9. Qxd2 dxc4 10. bxc4 c5 11. Bb2 cxd4 12. Bxd4 Nc6 13. Bxg7 Qxd2 14. Nxd2 Kxg7 15. Rab1 Rd8 16. Nb3 Bf5 17. Rb2 Rac8 18. h3 b6 19. c5 b5 20. Rc1 a6 21. e3 Be6 22. Bxc6 Rxc6 23. Nd4 Rc7 24. Nxe6+ fxe6 25. a4 bxa4 26. Rb6 Kf7 27. Rxa6 Rd5 28. c6 a3 29. Rxa3 Rd6 30. Rac3 e5 31. Kg2 Ke6 32. Kf3 Rd2 33. e4 Ra2 34. R1c2 Rxc2 35. Rxc2 Kd6 36. Kg4 h6 37. h4 e6 38. f4 exf4 39. gxf4 Rxc6 40. Rxc6+ Kxc6 41. h5 gxh5+ 42. Kxh5 Kd6 43. Kxh6 Kd7 44. Kg7 Ke7 45. e5 1-0


[Site "https://www.chess.com"]

[Event "Titled Tuesday Blitz August 15 Early 2023"]
[White "Azhar, Puteri Munajjah Az-Zahraa"]
[Black "Harriott, Tyrell"]
[WhiteFideId "5709040"]
[BlackFideId "2086484"]
[WhiteElo "2230"]
[BlackElo "2423"]
[Result "0-1"]
[Round "7"]
[TimeControl "180+1"]
[Date "2023.08.15"]
[WhiteClock "0:02:05"]
[BlackClock "0:01:43"]
[Board "137"]

1. e4 d5 2. exd5 Nf6 3. d4 Qxd5 4. Nf3 Bg4 5. Be2 Nc6 6. O-O O-O-O 7. c3 Qh5 8. h3 e5 9. Bg5 Bxf3 10. Bxf6 Bxe2 11. g4 Qg6 12. Qxe2 gxf6 0-1


[Site "https://www.chess.com"]

[Event "Titled Tuesday Blitz August 15 Early 2023"]
[White "Samarth J Rao"]
[Black "Saito, Vinicius"]
[WhiteFideId "46652370"]
[BlackFideId "2113384"]
[WhiteElo "2014"]
[BlackElo "2346"]
[Result "1-0"]
[Round "7"]
[TimeControl "180+1"]
[Date "2023.08.15"]
[WhiteClock "0:01:15"]
[BlackClock "0:00:08"]
[Board "138"]

1. e4 c5 2. Nc3 a6 3. g3 b5 4. Bg2 Bb7 5. Nge2 e6 6. O-O Nc6 7. d3 Nf6 8. h3 d5 9. exd5 Nxd5 10. Nxd5 exd5 11. Nf4 Nd4 12. Re1+ Be7 13. c3 Nf5 14. Qg4 g6 15. Re5 Qd6 16. Rxf5 gxf5 17. Qxf5 Rd8 18. Bd2 O-O 19. Nh5 Qg6 20. Qf3 Ba8 21. Nf4 Qg7 22. Re1 Rfe8 23. Nh5 Qg6 24. d4 cxd4 25. cxd4 Bc6 26. Kh2 Kh8 27. Nf4 Qf5 28. g4 Qf6 29. Re5 Bd6 30. Rf5 Qg7 31. Be3 Bc7 32. Kg1 Re7 33. Nh5 Qg6 34. Rf6 Qb1+ 35. Bf1 Qe4 36. Qxe4 dxe4 37. Rxc6 Kg8 38. Bg2 Rd6 39. Rxd6 Bxd6 40. Nf6+ Kf8 41. Nxe4 Bb4 42. a3 Be1 43. Kf1 Ba5 44. Bh6+ Ke8 45. Bg5 Rc7 46. Nc5 Bb6 47. b4 a5 48. Bf4 Rc8 49. Ke2 axb4 50. axb4 f6 51. Kd3 Kf7 52. Bb7 Re8 53. Bc6 Re1 54. Bxb5 Rh1 55. Bc4+ Ke7 56. Ke4 Rxh3 57. Kf5 Rf3 58. Ke4 Rxf2 59. Bg8 Re2+ 60. Kf3 Rb2 61. Ne4 Rxb4 62. Bd6+ Kd7 63. Bxb4 Bxd4 64. Bc3 Bxc3 65. Nxc3 Ke7 66. Bxh7 Ke6 67. Bf5+ Ke5 68. Ne2 Kd5 69. Kf4 Kd6 70. Ng3 Ke7 71. Nh5 Kf7 72. Ke4 Ke7 73. Kd5 Kf7 74. Kd6 Kf8 75. Nxf6 Kf7 76. Nh5 1-0


[Site "https://www.chess.com"]

[Event "Titled Tuesday Blitz August 15 Early 2023"]
[White "Osinovsky, Stepan"]
[Black "Bilan, Danila"]
[WhiteFideId "4157354"]
[BlackFideId "24161918"]
[WhiteElo "2338"]
[BlackElo "2574"]
[Result "0-1"]
[Round "7"]
[TimeControl "180+1"]
[Date "2023.08.15"]
[WhiteClock "0:00:00"]
[BlackClock "0:00:08"]
[Board "139"]

1. e4 c6 2. d3 d5 3. Nd2 e5 4. Ngf3 Bd6 5. g3 Bg4 6. Bg2 Nf6 7. h3 Bh5 8. Qe2 O-O 9. Nf1 Nbd7 10. g4 Bg6 11. Ng3 Re8 12. Nh4 Nc5 13. Nhf5 Bf8 14. h4 Ne6 15. h5 Bxf5 16. Nxf5 Nf4 17. Qf3 dxe4 18. dxe4 Bb4+ 19. Kf1 Bd2 20. g5 Bxc1 21. gxf6 Bxb2 22. Qg4 Qxf6 23. Rb1 Ba3 24. Bf3 b6 25. Rg1 Bf8 26. c3 Rad8 27. Bd1 Rd2 28. Bb3 g6 29. Rd1 Red8 30. Rxd2 Rxd2 31. hxg6 hxg6 32. Qh5 Bg7 33. Qf3 gxf5 34. Qe3 Rd7 35. Rg3 Ng6 36. exf5 Qxf5 37. Kg1 Nf4 38. Qf3 Qb1+ 39. Kh2 Qf5 40. Rg4 Rd6 41. Qg3 Rh6+ 42. Kg1 Qb1+ 0-1


[Site "https://www.chess.com"]

[Event "Titled Tuesday Blitz August 15 Early 2023"]
[White "Rian, Kapriaga"]
[Black "Nguyen Hong Anh"]
[WhiteFideId "7103263"]
[BlackFideId "12406732"]
[WhiteElo "2336"]
[BlackElo "2537"]
[Result "0-1"]
[Round "7"]
[TimeControl "180+1"]
[Date "2023.08.15"]
[WhiteClock "0:00:08"]
[BlackClock "0:01:14"]
[Board "140"]

1. d4 Nf6 2. Nf3 g6 3. Bg5 Ne4 4. Bh4 Bg7 5. e3 O-O 6. Nbd2 d5 7. Be2 c5 8. c3 Nc6 9. O-O Qb6 10. Qb3 Nxd2 11. Nxd2 e5 12. dxe5 Nxe5 13. Rfd1 Be6 14. Qxb6 axb6 15. a3 h6 16. Nf3 Nc6 17. Bg3 Rfc8 18. h3 d4 19. exd4 cxd4 20. cxd4 Bd5 21. Ne5 Na5 22. Rac1 Nb3 23. Rxc8+ Rxc8 24. Bf3 Rd8 25. Rd3 Bxf3 26. Rxb3 Be4 27. Rxb6 Rxd4 28. Rxb7 Bxb7 0-1


[Site "https://www.chess.com"]

[Event "Titled Tuesday Blitz August 15 Early 2023"]
[White "Li, Hui"]
[Black "Mogirzan, Matei-Valeriu"]
[WhiteFideId "15400310"]
[BlackFideId "1257455"]
[WhiteElo "2336"]
[BlackElo "2520"]
[Result "0-1"]
[Round "7"]
[TimeControl "180+1"]
[Date "2023.08.15"]
[WhiteClock "0:00:00"]
[BlackClock "0:00:03"]
[Board "141"]

1. e4 e5 2. Nf3 Nf6 3. Nxe5 Nc6 4. Nxc6 dxc6 5. e5 Ne4 6. d4 Qh4 7. Be3 Bf5 8. Nd2 O-O-O 9. Qf3 Bg6 10. c3 c5 11. Nxe4 Bxe4 12. Qg3 Qxg3 13. hxg3 cxd4 14. Bxd4 Be7 15. f3 Bg6 16. Bb5 a6 17. Ba4 b5 18. Bb3 c5 19. Be3 c4 20. Bd1 Rd3 21. Kf2 Rhd8 22. Be2 Rxe3 23. Kxe3 Bc5+ 24. Kf4 Rd2 25. Bf1 Rxb2 26. a4 Kb7 27. axb5 axb5 28. g4 f6 29. exf6 gxf6 30. Kg3 Bd6+ 31. Kh3 Be5 32. Rc1 Bc2 33. g3 Bb3 34. f4 Bd6 35. Bg2+ Kb6 36. Rhe1 Ba3 37. Re6+ Ka5 38. Ra1 b4 39. cxb4+ Kxb4 40. Rb6+ Ka5 41. Rxf6 c3 42. Rxa3+ Kb4 43. Ra8 c2 44. Rb8+ Kc3 45. Rc8+ Bc4 46. Rfc6 Rb4 47. Rxc4+ Rxc4 48. Rxc4+ Kxc4 49. Bf1+ Kc3 50. Bg2 c1=Q 51. g5 Qc2 52. Kg4 Qd1+ 53. Bf3 Qd7+ 54. Kh4 Kd4 55. Bg4 Qe7 56. Bf5 Qf7 57. Kg4 Ke3 58. Bc2 Kf2 59. Bf5 Qb3 60. Bxh7 Qxg3+ 61. Kf5 Qd3+ 62. Kf6 Qxh7 63. f5 Ke3 64. g6 Qh6 65. Kf7 Kf4 66. f6 Kf5 0-1


[Site "https://www.chess.com"]

[Event "Titled Tuesday Blitz August 15 Early 2023"]
[White "UgarteCesar"]
[Black "Arutla, Aditya"]
[BlackFideId "30961998"]
[WhiteElo "2333"]
[BlackElo "2506"]
[Result "0-1"]
[Round "7"]
[TimeControl "180+1"]
[Date "2023.08.15"]
[WhiteClock "0:00:07"]
[BlackClock "0:00:07"]
[Board "142"]

1. d4 d5 2. Nf3 Nf6 3. e3 c5 4. Bd3 Nc6 5. a3 Bg4 6. Nbd2 a6 7. c3 e5 8. dxe5 Nxe5 9. Be2 Nxf3+ 10. Bxf3 Be6 11. O-O Bd6 12. e4 dxe4 13. Nxe4 Nxe4 14. Bxe4 Bxh2+ 15. Kxh2 Qh4+ 16. Kg1 Qxe4 17. Re1 Qc6 18. Qh5 O-O-O 19. Be3 Rd5 20. Qh4 h6 21. b4 c4 22. a4 Rhd8 23. Qg3 g5 24. Bd4 f5 25. Qe3 Bd7 26. b5 Qd6 27. Qe2 axb5 28. axb5 Bxb5 29. Be5 Qe6 30. Ra8+ Kd7 31. Rxd8+ Kxd8 32. Qe3 Bd7 33. f4 g4 34. Qa7 Bc6 35. Qb8+ Qc8 36. Qa7 Rd2 37. Qb6+ Kd7 38. Qc5 Rxg2+ 39. Kf1 Rd2 40. Bd4 Bg2+ 41. Kg1 Qxc5 42. Bxc5 Be4 43. Bd4 Kc6 44. Kf1 Rh2 45. Re3 h5 46. Kg1 Rh1+ 47. Kf2 h4 48. Bf6 g3+ 49. Ke2 g2 50. Bxh4 g1=Q 51. Be7 Qd1+ 52. Kf2 Qf1+ 53. Kg3 Rh3# 0-1


[Site "https://www.chess.com"]

[Event "Titled Tuesday Blitz August 15 Early 2023"]
[White "Reprintsev, Alexander"]
[Black "Bogaudinov, Rushan"]
[WhiteFideId "14100541"]
[BlackFideId "4129288"]
[WhiteElo "2480"]
[BlackElo "2331"]
[Result "1-0"]
[Round "7"]
[TimeControl "180+1"]
[Date "2023.08.15"]
[WhiteClock "0:00:52"]
[BlackClock "0:00:09"]
[Board "144"]

1. e4 a5 2. d4 a4 3. Bc4 e6 4. Nf3 c6 5. d5 b5 6. Be2 Nf6 7. Bg5 h6 8. dxe6 dxe6 9. Qxd8+ Kxd8 10. Bh4 Be7 11. Nbd2 Nbd7 12. O-O-O g5 13. Bg3 Ke8 14. h4 g4 15. Ne5 Bb7 16. Nxg4 Nxg4 17. Bxg4 a3 18. b3 Bf6 19. Nf3 Bb2+ 20. Kb1 c5 21. Rhe1 h5 22. Bh3 Rg8 23. Ng5 Bc3 24. Nxf7 Bxe1 25. Nd6+ Ke7 26. Nxb7 Bb4 27. Bd6+ Ke8 28. c3 Bxc3 29. Bxe6 Rxg2 30. Bxd7+ Kxd7 31. Nxc5+ Kc6 32. Nd3 Rag8 33. Bg3 b4 34. e5 R2xg3 35. fxg3 Rxg3 36. e6 Re3 37. Nf4 Re4 38. Nxh5 Rxe6 39. Ng3 Re3 40. Nf5 Re2 41. Nd4+ Bxd4 42. Rxd4 Rb2+ 43. Kc1 Kc5 44. Rd2 Rxd2 45. Kxd2 Kd4 46. h5 Ke5 47. Kd3 Kf6 48. Kc4 Kg5 49. Kxb4 Kxh5 50. Kxa3 1-0


[Site "https://www.chess.com"]

[Event "Titled Tuesday Blitz August 15 Early 2023"]
[White "Martinez, Shawn"]
[Black "LeoLV10"]
[WhiteFideId "2039770"]
[WhiteElo "2330"]
[BlackElo "2476"]
[Result "1-0"]
[Round "7"]
[TimeControl "180+1"]
[Date "2023.08.15"]
[WhiteClock "0:00:09"]
[BlackClock "0:00:08"]
[Board "145"]

1. e4 c5 2. Nc3 e6 3. Nf3 a6 4. d4 cxd4 5. Nxd4 b5 6. a3 Bb7 7. Be2 Qc7 8. O-O Nf6 9. Bf3 d6 10. Re1 Nbd7 11. Bg5 Ne5 12. Bxf6 gxf6 13. g3 Nxf3+ 14. Qxf3 Be7 15. Rad1 h5 16. Re3 Qb6 17. Nd5 Qd8 18. h4 Rc8 19. c3 Rc5 20. Qe2 exd5 21. b4 Rc7 22. exd5 Bxd5 23. Nf5 Be6 24. Ng7+ Kf8 25. Nxe6+ fxe6 26. Rxe6 Kf7 27. Re3 Qd7 28. Rd4 Bf8 29. Rde4 Qf5 30. Rf4 Qb1+ 31. Kh2 Qg6 32. Ref3 Bg7 33. Qd2 Re8 34. Qxd6 Rce7 35. Qd5+ Kf8 36. Rf5 Qf7 37. Qc5 Kg8 38. Rxh5 Re5 39. Rxe5 Rxe5 40. Qc8+ Re8 41. Qxa6 Qd5 42. Kg2 Re2 43. Qc8+ Kh7 44. Qg4 Re4 45. Qf5+ Qxf5 46. Rxf5 Rc4 47. Rxb5 Rxc3 48. a4 Rb3 49. a5 Kg6 50. Rb6 Bf8 51. g4 Rxb4 52. Rxb4 Bxb4 53. a6 Bc5 54. f4 Be3 55. Kf3 Ba7 56. Ke4 Kf7 57. h5 Ke7 58. h6 Kf7 59. Kf5 Bf2 60. g5 fxg5 61. fxg5 Ba7 62. g6+ Kg8 63. Kf6 Bf2 64. h7+ Kh8 65. Kf7 Bd4 66. a7 Bxa7 67. g7+ Kxh7 68. g8=Q+ 1-0


[Site "https://www.chess.com"]

[Event "Titled Tuesday Blitz August 15 Early 2023"]
[White "Baches Garcia, Guillermo"]
[Black "Samaganova, Aleksandra"]
[WhiteFideId "2209764"]
[BlackFideId "13800221"]
[WhiteElo "2475"]
[BlackElo "2317"]
[Result "1-0"]
[Round "7"]
[TimeControl "180+1"]
[Date "2023.08.15"]
[WhiteClock "0:01:56"]
[BlackClock "0:01:25"]
[Board "146"]

1. e4 c5 2. Nf3 e6 3. d4 cxd4 4. Nxd4 a6 5. h3 Qc7 6. Bd3 Nf6 7. O-O Nc6 8. Nxc6 bxc6 9. c4 d5 10. Nd2 Bd6 11. b3 Be5 12. Rb1 O-O 13. Qe2 a5 14. Re1 Bd4 15. e5 Nd7 16. Bxh7+ Kxh7 17. Qd3+ g6 18. Qxd4 c5 19. Qf4 a4 20. Nf3 axb3 21. Qh6+ Kg8 22. Ng5 1-0


[Site "https://www.chess.com"]

[Event "Titled Tuesday Blitz August 15 Early 2023"]
[White "Tomaszewski, Kacper"]
[Black "Pumpkin_in_moonlight"]
[WhiteFideId "1127373"]
[WhiteElo "2469"]
[BlackElo "2304"]
[Result "0-1"]
[Round "7"]
[TimeControl "180+1"]
[Date "2023.08.15"]
[WhiteClock "0:00:00"]
[BlackClock "0:00:02"]
[Board "147"]

1. e4 e5 2. Nf3 Nc6 3. Nc3 Nf6 4. Bc4 Bb4 5. O-O O-O 6. Nd5 Nxe4 7. Nxb4 Nxb4 8. Nxe5 d5 9. Bb3 c5 10. c3 Nc6 11. Nxc6 bxc6 12. d3 Nd6 13. Qf3 Ba6 14. Bc2 Re8 15. Be3 c4 16. d4 Ne4 17. Rfe1 Re6 18. Bf4 Qe7 19. Re3 Re8 20. Rae1 f5 21. Be5 Qf7 22. h4 Bc8 23. Qf4 h6 24. Rf3 R6e7 25. Bxe4 fxe4 26. Qxf7+ Rxf7 27. Rxf7 Kxf7 28. b4 h5 29. a4 a6 30. f3 Bf5 31. Kf2 g6 32. Ke3 Ke6 33. Kf4 Rf8 34. Kg3 Rf7 35. Rf1 Rb7 36. fxe4 dxe4 37. Kf4 Kd5 38. Ke3 Ra7 39. a5 Rb7 40. Rf2 Re7 41. Kf4 Re8 42. Re2 Rg8 43. Re3 Rf8 44. Rg3 Bg4+ 45. Kg5 Bf5 0-1


[Site "https://www.chess.com"]

[Event "Titled Tuesday Blitz August 15 Early 2023"]
[White "Sovetbekova, Nurai"]
[Black "Devaev, Alexander"]
[WhiteFideId "13801910"]
[BlackFideId "4169395"]
[WhiteElo "2330"]
[BlackElo "2455"]
[Result "0-1"]
[Round "7"]
[TimeControl "180+1"]
[Date "2023.08.15"]
[WhiteClock "0:00:19"]
[BlackClock "0:00:20"]
[Board "148"]

1. d4 Nf6 2. c4 e6 3. Nc3 Bb4 4. a3 Bxc3+ 5. bxc3 c5 6. e3 Nc6 7. Bd3 d6 8. Nf3 e5 9. d5 Na5 10. Qc2 b6 11. O-O Ba6 12. Nd2 Qe7 13. e4 Nh5 14. Qa4+ Qd7 15. Qxd7+ Kxd7 16. Be2 Nf4 17. Bg4+ Kc7 18. g3 h5 19. Bd1 Ng6 20. Be2 h4 21. f4 hxg3 22. hxg3 exf4 23. gxf4 Rh4 24. Nf3 Rg4+ 25. Kf2 Nxf4 26. Bxf4 Rxf4 27. Ke3 Rg4 28. Nh2 Rg3+ 29. Kd2 f6 30. Rg1 Rxg1 31. Rxg1 g5 32. Rf1 Re8 33. Rxf6 Rxe4 34. Rf7+ Kb8 35. Rf8+ Kc7 36. Rf7+ Kd8 37. Rxa7 Bxc4 38. Ra8+ Kc7 39. Ra7+ Kb8 40. Bxc4 Nxc4+ 41. Kd3 Re3+ 42. Kxc4 Kxa7 43. Ng4 Re4+ 0-1


[Site "https://www.chess.com"]

[Event "Titled Tuesday Blitz August 15 Early 2023"]
[White "brm72"]
[Black "Saucey, Michel"]
[BlackFideId "601845"]
[WhiteElo "2453"]
[BlackElo "2295"]
[Result "1-0"]
[Round "7"]
[TimeControl "180+1"]
[Date "2023.08.15"]
[WhiteClock "0:01:33"]
[BlackClock "0:00:02"]
[Board "149"]

1. e4 c5 2. Nf3 e6 3. d4 cxd4 4. Nxd4 Nc6 5. Nc3 Qc7 6. Be3 a6 7. Qd2 Nf6 8. f3 Be7 9. O-O-O b5 10. g4 h6 11. h4 Bb7 12. Kb1 Rc8 13. Bd3 b4 14. Nce2 Ne5 15. g5 Nh5 16. gxh6 gxh6 17. Bxh6 d5 18. Bg5 Nxf3 19. Nxf3 dxe4 20. Ned4 exf3 21. Bxe7 Qxe7 22. Rhf1 Ng3 23. Rxf3 Bxf3 24. Nxf3 Kf8 25. Qf4 Nh5 26. Qe5 Qf6 27. Qd6+ Qe7 28. Qxa6 Qc5 29. Ne5 Nf4 30. Nd7+ 1-0


[Site "https://www.chess.com"]